 Dungeon Crawl Stone Soup version 0.24-a0-11-g46ee55f (webtiles) character file.

7550 dec723 the Spear-Bearer (level 10, -2/83 HPs)
             Began as a Mummy Chaos Knight on Jan 24, 2019.
             Was an Initiate of Gozag.
             Killed by divine providence
             ... invoked by a smoke demon
              (13 damage)
             ... on level 2 of the Abyss on Feb 1, 2019.
             The game lasted 00:48:04 (12953 turns).

dec723 the Spear-Bearer (Mummy Chaos Knight)       Turns: 12953, Time: 00:48:04

Health: -2/83      AC: 13    Str: 18    XL:     10   Next: 96%
Magic:  0/10       EV:  9    Int: 12    God:    Gozag
Gold:   748        SH:  0    Dex: 18    Spells: 9/9 levels left

rFire    x . .     SeeInvis .   h - +7 halberd (flame)
rCold    + + .     Gourm    .   (shield currently unavailable)
rNeg     + + +     Faith    .   j - +3 chain mail {rC+}
rPois    ∞         Spirit   +   (no helmet)
rElec    .         Reflect  .   q - scarf {Spirit}
rCorr    .         Harm     .   (no gloves)
MR       ++...                  (no boots)
Stlth    ..........             (no amulet)
HPRegen  0.23/turn              v - ring of protection from magic
MPRegen  0.12/turn              t - ring "Fifin" {rPois Dex+6 Stlth+}

@: gold aura
A: no food or potions, fire vulnerability, cold resistance 1, negative energy
resistance 3, torment resistance, unbreathing
a: Potion Petition, Call Merchant, Bribe Branch, Renounce Religion


You were on level 2 of the Abyss.
You worshipped Gozag.
Gozag was pleased with you.
You were not hungry.

You visited 2 branches of the dungeon, and saw 11 of its levels.
You visited the Abyss 1 time.
You also visited: Sewer.

You collected 1559 gold pieces.
You spent 730 gold pieces at shops.
You paid 81 gold pieces to Gozag.

Inventory:

Hand Weapons
 a - a +0 spear of chaos
 h - a +7 halberd of flaming (weapon)
Missiles
 k - 10 needles of confusion
 m - 10 tomahawks (quivered)
 o - 43 poisoned needles
Armour
 j - a +3 chain mail of cold resistance (worn)
 q - a scarf of spirit shield (worn)
 r - a +3 plate armour
Jewellery
 l - an uncursed ring of wizardry
 p - an uncursed ring of flight
 t - the ring "Fifin" (right hand) {rPois Dex+6 Stlth+}
   (You bought it in a shop on level 7 of the Dungeon)

   [ring of stealth]

   It affects your dexterity (+6).
   It protects you from poison.
   It makes you more stealthy.
 v - a ring of protection from magic (left hand)
Wands
 b - a wand of iceblast (22)
 i - a wand of digging (4)
 u - a wand of disintegration (8)
 w - a wand of acid (3)
 x - a wand of enslavement (3)
Scrolls
 c - 7 scrolls of identify
 d - 5 scrolls of immolation
 e - 2 scrolls of blinking
 f - 7 scrolls of teleportation
 g - 2 scrolls of remove curse
 n - 2 scrolls of enchant armour
 s - a scroll of amnesia


   Skills:
 + Level 9.3 Fighting
 - Level 9.6 Polearms
 + Level 7.5 Armour
 - Level 2.8 Dodging


You had 9 spell levels left.
You didn't know any spells.
Your spell library was empty.

Dungeon Overview and Level Annotations

Branches:
Dungeon (10/15)            Temple (1/1) D:5            Lair (0/6) D:8
    Orc: D:9-12

Altars:
Ashenzari
Cheibriados
Dithmenos
Elyvilon
Fedhas
Gozag
Hepliaklqana
Kikubaaqudgha
Makhleb
Nemelex Xobeh
Okawaru
Qazlal
Ru
Sif Muna
Trog
Uskayaw
Vehumet
Wu Jian
Xom
Yredelemnul
Zin
The Shining One

Shops:
D:5 ?   D:7 *

Annotations:
D:3 1 runed door, Shard1697's ghost, amateur DsFi
D:5 3 runed doors, Snikeer's ghost, novice DDGl


Innate Abilities, Weirdness & Mutations

You do not eat or drink.
Your flesh is vulnerable to fire.
You are immune to poison.
Your flesh is cold resistant. (rC+)
You are immune to negative energy. (rN+++)
You are immune to unholy pain and torment.
You can survive without breathing.


Message History

You slash the ancient zyme! You burn the ancient zyme.
You destroy the ancient zyme!
You closely miss the chaos spawn. The chaos spawn gores you!
The chaos spawn sears you!
You hit the chaos spawn. You burn the chaos spawn.
The chaos spawn is moderately wounded.
The chaos spawn hits you but does no damage.
You hit the chaos spawn. You burn the chaos spawn.
The chaos spawn is moderately wounded.
The chaos spawn hits you.
* * * LOW HITPOINT WARNING * * *
You are engulfed in flames!
The fire burns you terribly!
* * * LOW HITPOINT WARNING * * *
A mana viper comes into view.
You see here 19 gold pieces.
The smoke demon roars!
The smoke demon gestures at you. Something smites you!
You die...
Your body crumbles into a pile of gold.

# #. . # .# .##.##
.## #..E .. #.#. .
###..# .#.
...#.##### #.# . .
# ......#..##(# ..
. .. #.. #..##..#
≈## # # . .#
##..##).##.+ §≈ # .
... ..............+
⌠§ .# . ...
...E....@...# ≈+ .#
..## ##..##..##≈#≈
≈ #. ##
.##..##.4##.++++#
.. ................
≈≈. ....
...............#
##..
#..##..##S.##..#..
. .. .
##..##.3##..#... .
. ..
..........$.....# .
.................##


You could see a mana viper, an earth elemental, a smoke demon and a chaos spawn.

Vanquished Creatures
  A two-headed ogre (D:8)
  An unseen horror (D:10)
  An ancient zyme (Abyss:2)
  A troll (D:9)
  A queen bee (D:8)
  Grinder (D:6)
  A meliai zombie (D:8)
  An air elemental (Abyss:2)
  A hungry ghost (D:8)
  A basilisk (D:4)
  A water moccasin (D:9)
  An ice beast (D:5)
  7 black bears
  3 orc warriors
  2 ogres
  A phantom (D:4)
  An eye of draining (D:9)
  3 centaurs
  2 crocodiles
  3 big kobolds (Sewer)
  A bullfrog (D:8)
  A gnoll sergeant (D:9)
  A wyvern zombie (D:6)
  A scorpion (D:6)
  25 killer bees
  2 jellies
  5 wights (D:6)
  3 howler monkeys
  2 crimson imps
  A bullfrog zombie (D:6)
  A quasit (D:4)
  A centaur zombie (D:6)
  2 orc priests
  3 hounds
  A centaur skeleton (D:3)
  2 iguanas (D:6)
  An iron imp (Abyss:2)
  Ijyb (D:3)
  Jessica (D:2)
  9 orc wizards
  5 worker ants
  A killer bee zombie (D:9)
  A hound zombie (D:6)
  A hound skeleton (D:7)
  3 gnolls (D:9)
  6 adders
  2 shadow imps
  2 oozes (Sewer)
  An adder skeleton (D:9)
  2 adder zombies
  7 worms
  A dart slug (D:5)
  3 leopard geckos
  31 orcs
  7 giant cockroaches
  4 goblins
  2 hobgoblins
  11 jackals
  7 quokkas
  2 ball pythons
  9 bats
  4 frilled lizards
  21 kobolds
  A quokka skeleton (D:6)
  10 rats
242 creatures vanquished.

Vanquished Creatures (others)
  9 fungi (D:8)
  A lurking horror (Abyss:2)
  9 plants (D:8)
19 creatures vanquished.

Grand Total: 261 creatures vanquished

Notes
Turn   | Place    | Note
-------+----------+-------------------------------------------
     0 | D:1      | dec723 the Mummy Chaos Knight began the quest for the Orb.
     0 | D:1      | Reached XP level 1. HP: 18/18 MP: 1/1
   116 | D:1      | XOM: divination: detect creatures
   288 | D:1      | Reached skill level 1 in Dodging
   352 | D:1      | Reached XP level 2. HP: 24/24 MP: 2/2
   620 | D:1      | XOM: harmless Chrm miscast
   668 | D:1      | XOM: divination: detect items
  1084 | D:1      | XOM: silly message
  1228 | D:2      | Noticed Jessica
  1234 | D:2      | Killed Jessica
  1234 | D:2      | Reached XP level 3. HP: 29/29 MP: 3/3
  1324 | D:2      | XOM: potion effect (agility)
  1542 | D:2      | XOM: 3-stop teleportation journey
  1865 | D:2      | Reached XP level 4. HP: 35/35 MP: 4/4
  1869 | D:2      | XOM: harmless Summ miscast
  2276 | D:3      | XOM: 1-stop teleportation journey
  2336 | D:3      | XOM: medium Air miscast
  2476 | D:3      | Noticed Ijyb
  2628 | D:4      | Noticed a basilisk
  2628 | D:4      | a worm changed into a basilisk
  2628 | D:4      | XOM: polymorph worm -> basilisk
  2669 | D:3      | Found a runed door.
  2670 | D:3      | Noticed Shard1697's ghost (amateur DsFi)
  2712 | D:2      | XOM: medium Tmut miscast
  2729 | D:2      | XOM: stat loss: -1 Int (10/11)
  2933 | D:3      | Xom revived you
  2934 | D:3      | XOM: cast spell 'Dispersal'
  2960 | D:5      | Entered Level 5 of the Dungeon
  2960 | D:5      | Found a glowing drain.
  2976 | D:5      | Reached XP level 5. HP: 10/42 MP: 5/5
  2982 | Sewer    | Entered a sewer
  3166 | Sewer    | XOM: scenery: 1 doors open
  3199 | Sewer    | Upgraded the game from 0.23-a0-837-ga3e6480 to
                  | 0.24-a0-11-g46ee55f
  3467 | Sewer    | Reached XP level 6. HP: 46/48 MP: 6/6
  3532 | Sewer    | XOM: scenery: create altars
  3659 | Sewer    | XOM: god gift: 7 needles of confusion
  3799 | D:5      | Found a staircase to the Ecumenical Temple.
  3815 | Temple   | Entered the Ecumenical Temple
  3866 | Temple   | Fell from the grace of Xom
  3866 | Temple   | Became a worshipper of Gozag Ym Sagoz the Greedy
  3947 | D:5      | Noticed an ice beast
  3994 | D:5      | Killed an ice beast
  4084 | D:5      | Reached XP level 7. HP: 52/55 MP: 7/7
  4280 | D:4      | XOM: 2-stop teleportation journey
  4366 | D:4      | Identified a scroll of acquirement
  4419 | D:4      | Reached skill level 5 in Polearms
  4484 | D:4      | XOM: blink monster(s)
  4486 | D:4      | Killed a basilisk
  4760 | D:4      | Reached XP level 8. HP: 61/61 MP: 8/8
  5742 | D:5      | Found a runed gate.
  5742 | D:5      | Found a runed gate.
  5742 | D:5      | Found a runed gate.
  5744 | D:5      | Noticed Snikeer's ghost (novice DDGl)
  5876 | D:5      | XOM: mild Pois miscast
  5906 | D:5      | Found Gunab's Magic Scroll Boutique.
  5911 | D:5      | Bought a scroll of blinking for 97 gold pieces
  5911 | D:5      | Bought a scroll of teleportation for 39 gold pieces
  6282 | D:6      | XOM: noise
  6356 | D:6      | Noticed Grinder
  6420 | D:6      | Paralysed by Grinder for 6 turns
  6433 | D:6      | Paralysed by Grinder for 7 turns
  6441 | D:6      | Killed Grinder
  6454 | D:6      | XOM: summons 14 hostile demons
  6455 | D:6      | Noticed a hellwing
  6455 | D:6      | Noticed an orange demon
  6455 | D:6      | Noticed a sun demon
  6455 | D:6      | Noticed a sixfirhy
  6530 | D:6      | Found a deep blue altar of Sif Muna.
  6748 | D:6      | XOM: scenery: 1 doors close
  7321 | D:6      | Reached XP level 9. HP: 42/66 MP: 9/9
  7501 | D:6      | XOM: stat loss: -3 Int (8/11)
  7652 | D:6      | XOM: mild Ice miscast
  7859 | D:7      | Found Piungitt's Assorted Antiques.
  7869 | D:7      | Bought a pitted scale mail for 198 gold pieces
  7869 | D:7      | Bought a shimmering wooden ring for 110 gold pieces
  7869 | D:7      | Bought a scroll labeled QEEF ROH YKAOWK for 22 gold pieces
  7869 | D:7      | Bought a scroll of teleportation for 66 gold pieces
  7869 | D:7      | Bought a fluorescent wand for 88 gold pieces
  7869 | D:7      | Bought an ivory ring for 110 gold pieces
  7875 | D:7      | Identified the +1 scale mail of Loerunuweh {+Blink Str+5}
                  | (You bought it in a shop on level 7 of the Dungeon)
  7961 | D:6      | Identified the ring "Fifin" {rPois Dex+6 Stlth+} (You
                  | bought it in a shop on level 7 of the Dungeon)
  8009 | D:7      | XOM: summons 5 hostile demons
  8076 | D:7      | Found a sacrificial altar of Ru.
  8088 | D:7      | Found a shattered altar of Ashenzari.
  8129 | D:7      | XOM: polymorph adder -> ball python
  8528 | D:8      | Found a white marble altar of Elyvilon.
  8546 | D:8      | Reached skill level 5 in Fighting
  8824 | D:3      | Killed Ijyb
  8859 | D:5      | XOM: medium Air miscast
  8932 | D:8      | Noticed a two-headed ogre
  9837 | D:8      | Killed a two-headed ogre
  9837 | D:8      | Reached skill level 5 in Armour
  9856 | D:8      | Found a staircase to the Lair.
 10098 | D:8      | Reached XP level 10. HP: 73/77 MP: 10/10
 10691 | D:8      | XOM: enchant monster (bad)
 10816 | D:8      | XOM: summons 6 hostile demons
 11506 | D:8      | XOM: summons 1 hostile shadow creature
 11531 | D:8      | XOM: mild Necr miscast
 11567 | D:9      | XOM: god gift: 36 gold pieces
 12068 | D:9      | XOM: god gift: runed scarf {god gift}
 12565 | D:9      | Got a transparent chain mail
 12566 | D:9      | Identified the +1 chain mail "Rinuuceme" {rC+} (You found
                  | it on level 9 of the Dungeon)
 12619 | D:10     | Entered Level 10 of the Dungeon
 12779 | D:10     | Killed an unseen horror
 12841 | D:10     | XOM: medium Tloc miscast
 12842 | D:10     | Cast into level 2 of the Abyss (the capriciousness of Xom)
 12869 | Abyss:2  | Noticed a spatial maelstrom
 12884 | Abyss:2  | Found a corrupted altar of Lugonu.
 12947 | Abyss:2  | Noticed a mana viper
 12949 | Abyss:2  | Noticed a smoke demon
 12953 | Abyss:2  | Killed from afar by a smoke demon

Vault maps used:
D:1:      dpeg_arrival_central, kennysheep_doodads, serial_bayou_lagoon_a
D:2:      first_ration, minmay_misc_feat_nine_boxes, uniq_jessica
D:3:      gammafunk_ghost_grave, uniq_ijyb
D:4:      corner_web_ring, minmay_misc_feat_iff
D:5:      minmay_temple_entry_junction, serial_shops, kennysheep_little_box,
          gammafunk_ghost_split, cheibrodos_sewer_entry_drain
D:6:      nicolae_overflow_crystal_walls, uniq_grinder
D:7:      minitemple, serial_shops, nicolae_shop_trees
D:8:      elyvilon_altar_5, due_lair_maze_entry_diamond, david_nohive_1
D:10:     erik_orc_3, chequers_serial_rivers_micro_c, hangedman_decor_points
Temple:   compressed_dpeg_circular_temple
Abyss:2:  hangedman_abyss_overflow_altar, hangedman_classic_abyss_death
Sewer:    kennysheep_pipe_town

Skill      XL: |  1  2  3  4  5  6  7  8  9 10 |
---------------+-------------------------------+-----
Dodging        | 1 2 |  2.8
Polearms       | 3 4 6 8 9 |  9.6
Armour         | 2 3 5 7 |  7.5
Fighting       | 4 6 9 |  9.3

Action                   |  1- 3 |  4- 6 |  7- 9 | 10-12 || total
-------------------------+-------+-------+-------+-------++-------
Melee: Spear             |   131 |   257 |    65 |       ||   453
       Halberd           |       |       |   291 |   209 ||   500
Throw: Tomahawk          |       |       |    12 |     9 ||    21
Evoke: Wand              |       |       |     3 |     2 ||     5
  Use: Scroll            |       |     2 |    13 |     3 ||    18
 Stab: Petrifying        |     4 |       |     1 |       ||     5
       Distracted        |     1 |       |     1 |     2 ||     4
       Petrified         |     3 |       |       |       ||     3
       Confused          |       |     4 |       |       ||     4
       Sleeping          |       |     1 |       |       ||     1
       Paralysed         |       |       |     3 |       ||     3
Armor: Leather armour    |    24 |    21 |       |       ||    45
       Chain mail        |       |    77 |   177 |   130 ||   384
Dodge: Dodged            |    37 |    61 |   131 |   105 ||   334

Table legend:
 A = Non-vault XP
 B = Vault XP
 C = Vault XP percentage of total XP
 D = Non-vault monster count
 E = Vault monster count
 F = Vault count percentage of total count
                 A         B        C        D         E       F
            +---------+---------+-------+---------+---------+-------
      Total |    7721 |    3066 |  28.4 |     188 |      54 |  22.3
            +---------+---------+-------+---------+---------+-------
        D:1 |      28 |       0 |   0.0 |      17 |       0 |   0.0
        D:2 |      41 |      37 |  47.4 |      16 |       1 |   5.9
        D:3 |      87 |      38 |  30.4 |      27 |       1 |   3.6
        D:4 |     759 |       0 |   0.0 |      25 |       0 |   0.0
        D:5 |     403 |       7 |   1.7 |      11 |       2 |  15.4
        D:6 |    1129 |     277 |  19.7 |      32 |       1 |   3.0
        D:7 |     517 |     319 |  38.2 |      12 |       4 |  25.0
        D:8 |    2142 |    2052 |  48.9 |      25 |      21 |  45.7
        D:9 |    1254 |       0 |   0.0 |      19 |       0 |   0.0
       D:10 |     768 |       0 |   0.0 |       1 |       0 |   0.0
    Abyss:2 |     593 |       0 |   0.0 |       3 |       0 |   0.0
      Sewer |       0 |     336 | 100.0 |       0 |      24 | 100.0
            +---------+---------+-------+---------+---------+-------
